 Dungeon Sprint DCSS version 0.23.2-1-ga50397a6bc (webtiles) character file.

Game seed: 15393989624532661693

1720 Kobolds4U the Imperceptible (level 8, 0/37 HPs)
             Began as a Spriggan Assassin on May 29, 2019.
             Was a Believer of Okawaru.
             Slain by a hornet (17 damage)
             ... in the Dungeon (Sprint I: "Red Sonja").
             The game lasted 00:02:31 (302 turns).

Kobolds4U the Imperceptible (Spriggan Assassin)      Turns: 302, Time: 00:02:31

Health: 0/37       AC:  3    Str:  7    XL:     8   Next: 75%
Magic:  9/9        EV: 25    Int: 12    God:    Okawaru [**....]
Gold:   297        SH:  0    Dex: 20    Spells: 7/7 levels left

rFire    . . .     SeeInvis +   b - +0 blowgun
rCold    . . .     Gourm    .   (shield restricted)
rNeg     . . .     Faith    .   c - +0 robe
rPois    .         Spirit   .   (helmet restricted)
rElec    .         Reflect  .   d - +0 cloak
rCorr    .         Harm     .   (gloves unavailable)
MR       +....     NoTele   +   (boots unavailable)
Stlth    +++++++++.             (no amulet)
HPRegen  0.12/turn              (no ring)
MPRegen  0.11/turn              (no ring)

@: very slightly contaminated, very quick
A: very small, unfitting armour, see invisible, herbivore, speed 3, slow
metabolism 2
a: Heroism, Renounce Religion


You were in the Dungeon.
You worshipped Okawaru.
Okawaru was pleased with you.
You were not hungry.

You visited 1 branch You collected 297 gold pieces.

Inventory:

Hand Weapons
 a - a +2 dagger
 b - a +0 blowgun (weapon)
 m - a +0 shortbow
 n - a +0 long sword
Missiles
 e - 3 poisoned needles (quivered)
 p - 34 arrows
Armour
 c - a +0 robe (worn)
 d - a +0 cloak (worn)
Scrolls
 o - a scroll of remove curse {unknown}
Potions
 h - a potion of curing
 i - a potion of heal wounds
 j - a potion of haste
 k - 2 potions of magic
 l - 2 potions of berserk rage
Comestibles
 g - a ration


   Skills:
 - Level 1.5 Fighting
 - Level 2.1 Short Blades
 - Level 2.0 Throwing
 - Level 8.7 Dodging
 + Level 25.0 Stealth


You had 7 spell levels left.
You didn't know any spells.
Your spell library was empty.

Dungeon Overview and Level Annotations

Branches:
Dungeon (1/1)

Altars:
Cheibriados
Dithmenos
Elyvilon
Fedhas
Gozag
Hepliaklqana
Kikubaaqudgha
Makhleb
Nemelex Xobeh
Okawaru
Qazlal
Ru
Sif Muna
Trog
Uskayaw
Vehumet
Wu Jian
Xom
Yredelemnul
Zin
The Shining One
Jiyva
Lugonu

Shops:
D (


Innate Abilities, Weirdness & Mutations

You are very small and have problems with some larger weapons.
You are too small for most types of armour.
You have supernaturally acute eyesight. (SInv)
You are a herbivore.
You cover ground extremely quickly.
You need to consume almost no food.


Message History

You shoot a poisoned needle. The poisoned needle hits the hornet.
The hornet is poisoned.
You feel yourself speed up. The hornet closely misses you.
The hornet stings you!
You feel yourself slow down.
Firing (i - inventory)
e - 5 poisoned needles (quivered)
Press: ? - help, Shift-Dir - straight line, f/p - hornet
Aim: a hornet (purple smoke, lightly wounded, poisoned)
You shoot a poisoned needle. The poisoned needle hits the hornet.
The hornet looks even sicker.
The hornet is lightly wounded.
You feel yourself speed up. The hornet completely misses you.
Firing (i - inventory)
e - 4 poisoned needles (quivered)
Press: ? - help, Shift-Dir - straight line, f/p - hornet
Aim: a hornet (purple smoke, moderately wounded, poisoned)
You shoot a poisoned needle. The poisoned needle hits the hornet.
The hornet is moderately wounded.
The hornet stings you!
You die...

###############
.)'..#.)'..#__#
..#.)'..#..+J.+
####'#####'#__####
###..#...#.####§§####
__####..##(#§§≈§§#§$#
_____##'#_.§§§§.@y§(#
_.∩...'..._#§§§§§#§$#
_..__##_.#'##+#####+#
_____###+#.# ######
###


You could see a hornet.

Vanquished Creatures
  2 centaur warriors (D)
  Sigmund (D)
  A yak (D)
  An ogre (D)
  A jelly (D)
  Ijyb (D)
7 creatures vanquished.

Notes
Turn   | Place    | Note
-------+----------+-------------------------------------------
     0 | D        | Kobolds4U the Spriggan Assassin began the quest for the
                  | Orb.
     0 | D        | Reached XP level 1. HP: 10/10 MP: 2/2
     1 | D        | Noticed Ijyb
     4 | D        | Killed Ijyb
     4 | D        | Reached skill level 10 in Stealth
     4 | D        | Reached XP level 2. HP: 14/14 MP: 3/3
     6 | D        | Noticed an ogre
     9 | D        | Killed an ogre
     9 | D        | Reached skill level 14 in Stealth
     9 | D        | Reached XP level 3. HP: 18/18 MP: 4/4
     9 | D        | Reached XP level 4. HP: 22/22 MP: 5/5
    18 | D        | Noticed Sigmund
    21 | D        | Killed Sigmund
    21 | D        | Reached skill level 16 in Stealth
    21 | D        | Reached XP level 5. HP: 25/25 MP: 6/6
    21 | D        | Reached XP level 6. HP: 30/30 MP: 7/7
    33 | D        | Found a burning altar of Makhleb.
    33 | D        | Found a viscous altar of Jiyva.
    33 | D        | Found a shimmering altar of Xom.
    33 | D        | Found a corrupted altar of Lugonu.
    33 | D        | Noticed a slime creature
    40 | D        | Found an ornate altar of the Wu Jian Council.
    40 | D        | Found a deep blue altar of Sif Muna.
    42 | D        | Found a radiant altar of Vehumet.
    46 | D        | Reached skill level 17 in Stealth
    76 | D        | Found Joazicot's Weapon Emporium.
    76 | D        | Found an ancient bone altar of Kikubaaqudgha.
    76 | D        | Found a hazy altar of Hepliaklqana.
    76 | D        | Found a hide-covered altar of Uskayaw.
    76 | D        | Found a basalt altar of Yredelemnul.
    76 | D        | Found an opulent altar of Gozag.
    76 | D        | Found a snail-covered altar of Cheibriados.
    76 | D        | Found a sacrificial altar of Ru.
    76 | D        | Found a shadowy altar of Dithmenos.
    76 | D        | Noticed a yak
    78 | D        | Found a stormy altar of Qazlal.
    78 | D        | Found a blossoming altar of Fedhas.
    78 | D        | Found a bloodstained altar of Trog.
    78 | D        | Found an iron altar of Okawaru.
    78 | D        | Found a glowing silver altar of Zin.
   129 | D        | Killed a yak
   129 | D        | Reached skill level 19 in Stealth
   169 | D        | Found a glowing golden altar of the Shining One.
   169 | D        | Found a white marble altar of Elyvilon.
   171 | D        | Found a sparkling altar of Nemelex Xobeh.
   176 | D        | Became a worshipper of Warmaster Okawaru
   274 | D        | Noticed a centaur warrior
   274 | D        | Noticed a centaur warrior
   275 | D        | Killed a centaur warrior
   275 | D        | Reached * piety under Okawaru
   275 | D        | Reached skill level 22 in Stealth
   275 | D        | Reached XP level 7. HP: 33/33 MP: 8/8
   275 | D        | Reached XP level 8. HP: 37/37 MP: 9/9
   276 | D        | Killed a centaur warrior
   276 | D        | Reached ** piety under Okawaru
   276 | D        | Reached skill level 25 in Stealth
   289 | D        | Noticed a hornet
   302 | D        | Slain by a hornet

Skill      XL: |  1  2  3  4  5  6  7  8 |
---------------+-------------------------+-----
Stealth        | 10 14 16 22 25 | 25.0
Dodging        | 8 |  8.7
Fighting       | |  1.5
Short Blades   | |  2.1
Throwing       | |  2.0

Action                   |  1- 3 |  4- 6 |  7- 9 || total
-------------------------+-------+-------+-------++-------
Melee: Dagger            |     2 |     5 |     2 ||     9
 Fire: Blowgun           |       |     9 |     7 ||    16
  Use: Scroll            |       |     1 |       ||     1
 Stab: Sleeping          |     2 |     3 |     1 ||     6
Armor: Robe              |       |       |     1 ||     1
Dodge: Dodged            |       |     2 |    11 ||    13
